 Dungeon Crawl Stone Soup version 0.31.0-11-ge490571c62 (webtiles) character file.

Game seed: 7987858262123341176

5520 monsoonserge the Basher (level 10, -3/79 HPs)
             Began as a Gnoll Reaver on Jan 31, 2024.
             Was a High Priest of Nemelex Xobeh.
             Killed from afar by an acid dragon (28 damage)
             ... with a splash of acid
             ... on level 9 of the Dungeon on Feb 1, 2024.
             The game lasted 00:25:11 (8910 turns).

monsoonserge the Basher (Gnoll Reaver)              Turns: 8910, Time: 00:25:12

Health: -3/79      AC: 14    Str: 13    XL:     10   Next: 70%
Magic:  20/21      EV: 13    Int: 15    God:    Nemelex Xobeh [*****.]
Gold:   480        SH:  0    Dex: 11    Spells: 17/24 levels left

rFire   . . .        x - +3 flail (venom)
rCold   . . .        (no shield)
rNeg    + . .        f - +0 ring mail
rPois   .            K - +2 helmet
rElec   .            s - +2 cloak
rCorr   .            o - +0 pair of gloves
SInv    .            (no boots)
Will    .....        (no amulet)
Stlth   ++           l - ring of positive energy
HPRegen 0.33/turn    r - +4 ring of slaying
MPRegen 0.17/turn

%: no passive effects
@: lethally poisoned (-3 -> -5), fugue
A: fangs 1, strong nose, distributed training
a: Renounce Religion, Draw Escape, Draw Destruction, Draw Summoning, Triple
Draw, Deal Four, Stack Five


You were on level 9 of the Dungeon.
You worshipped Nemelex Xobeh.
Nemelex Xobeh was extremely pleased with you.
You visited 2 branches of the dungeon, and saw 10 of its levels.

You collected 480 gold pieces.

Inventory:

Hand Weapons
 x - a +3 flail of venom (weapon)
Missiles
 p - 28 poisoned darts (quivered)
 J - 2 curare-tipped darts
 N - a throwing net
Armour
 a - a scarf of invisibility
 b - a +0 leather armour
 f - a +0 ring mail (worn)
 i - a +0 scale mail
 o - a +0 pair of gloves (worn)
 s - a +2 cloak (worn)
 E - a +0 chain mail
 I - a +0 tower shield
 K - a +2 helmet (worn)
Jewellery
 l - a ring of positive energy (left hand)
 r - a +4 ring of slaying (right hand)
 w - a ring of protection from cold
 M - a ring of magical power
Wands
 u - a wand of iceblast (24)
 G - a wand of acid (20)
Scrolls
 d - 2 scrolls of poison {unknown}
 j - 4 scrolls of identify {unknown}
 t - a scroll of fear {unknown}
 v - 2 scrolls of acquirement {unknown}
 y - a scroll of torment {unknown}
 A - a scroll of immolation {unknown}
 B - a scroll of enchant armour {unknown}
 C - a scroll of amnesia {unknown}
 D - a scroll of noise {unknown}
 F - 5 scrolls of revelation {unknown}
 H - a scroll of teleportation {unknown}
 O - a scroll of enchant weapon {unknown}
Potions
 c - 2 potions of brilliance {unknown}
 e - 2 potions of invisibility {unknown}
 g - 2 potions of cancellation {unknown}
 h - 3 potions of might {unknown}
 k - a potion of mutation {unknown}
 m - 4 potions of heal wounds {unknown}
 n - 4 potions of ambrosia {unknown}
 q - 2 potions of haste {unknown}
 z - a potion of enlightenment {unknown}
 L - 2 potions of attraction {unknown}
 P - a potion of degeneration {unknown}
 Q - a potion of lignification {unknown}


   Skills:
 + Level 7.4 Fighting
 + Level 5.7 Short Blades
 + Level 5.7 Long Blades
 + Level 5.7 Axes
 + Level 8.8 Maces & Flails
 + Level 5.7 Polearms
 + Level 5.7 Staves
 + Level 5.7 Ranged Weapons
 + Level 5.7 Throwing
 + Level 5.7 Armour
 + Level 7.4 Dodging
 + Level 5.7 Stealth
 + Level 5.7 Shields
 + Level 5.7 Unarmed Combat
 + Level 7.7 Spellcasting
 + Level 7.3 Conjurations
 + Level 4.7 Hexes
 + Level 4.7 Summonings
 + Level 4.7 Necromancy
 + Level 4.7 Translocations
 + Level 4.7 Fire Magic
 + Level 4.7 Ice Magic
 + Level 4.7 Air Magic
 + Level 4.7 Earth Magic
 + Level 4.7 Alchemy
 + Level 6.3 Invocations
 + Level 5.7 Evocations
 + Level 5.2 Shapeshifting


You had 17 spell levels left.
You knew the following spells:

 Your Spells              Type           Power      Damage    Failure   Level
a - Kiss of Death         Conj/Necr      92%        2d12      1%          1
b - Mephitic Cloud        Conj/Alch/Air  22%        N/A       8%          3
c - Fugue of the Fallen   Necr           20%        N/A       11%         3

Your spell library contained the following spells:

 Spells                   Type           Power      Damage    Failure   Level
 Shock                    Conj/Air       92%        1d8       1%          1
 Sting                    Conj/Alch      92%        1d8       1%          1
 Apportation              Tloc           40%        N/A       3%          1
 Necrotise                Necr           80%        1d8       3%          1
 Sandblast                Erth           40%        2d10      3%          1
 Slow                     Hex            80%        N/A       3%          1
 Summon Small Mammal      Summ           80%        N/A       3%          1
 Momentum Strike          Conj/Tloc      46%        3d9       3%          2
 Lesser Beckoning         Tloc           40%        N/A       5%          2
 Dazzling Flash           Conj/Hex       46%        N/A       6%          3
 Hailstorm                Conj/Ice       23%        3d7       6%          3
 Stone Arrow              Conj/Erth      46%        3d9       6%          3
 Confusing Touch          Hex            20%        N/A       11%         3
 Gell's Gravitas          Tloc           20%        N/A       11%         3
 Ozocubu's Armour         Ice            20%        N/A       11%         3
 Passwall                 Erth           20%        N/A       11%         3
 Sigil of Binding         Hex            20%        N/A       11%         3
 Swiftness                Air            20%        N/A       11%         3
 Teleport Other           Tloc           20%        N/A       11%         3
 Vampiric Draining        Necr           20%        2d7       11%         3
 Volatile Blastmotes      Fire/Tloc      40%        2d13      11%         3
 Brom's Barrelling Bould  Conj/Erth      23%        2d4       21%         4
 Airstrike                Air            10%        2d(2-18)  34%         4
 Dispel Undead            Necr           20%        3d11      34%         4
 Ignite Poison            Fire/Alch      20%        N/A       34%         4
 Manifold Assault         Tloc           20%        N/A       34%         4
 Sticky Flame             Fire/Alch      20%        2d6       34%         4
 Curse of Agony           Necr           20%        N/A       67%         5
 Metabolic Englaciation   Hex/Ice        10%        N/A       67%         5
 Silence                  Hex/Air        10%        N/A       67%         5
 Starburst                Conj/Fire      11%        6d5       97%         6
 Sculpt Simulacrum        Ice/Alch       10%        N/A       99%         6
 Ignition                 Fire           10%        3d5       100%        8
 Maxwell's Capacitive Co  Air            10%        ∞         100%        8


Dungeon Overview and Level Annotations

Branches:
Dungeon (9/15)             Temple (1/1) D:7
   Lair: D:8-11         Orc: D:9-12

Altars:
Ashenzari
Cheibriados
Dithmenos
Elyvilon
Fedhas
Gozag
Kikubaaqudgha
Makhleb
Nemelex Xobeh
Okawaru
Qazlal
Ru
Sif Muna
Trog
Uskayaw
Vehumet
Wu Jian
Xom
Yredelemnul
Zin
The Shining One
Jiyva

Shops:
D:3 (   D:8 *

Annotations:
D:8 3 runed translucent doors, SuperJoe's ghost, novice OpRe
D:9 exclusion: obsidian statue


Innate Abilities, Weirdness & Mutations

You have very sharp teeth.
Your uncanny sense of smell can sniff out nearby items.
Your experience applies equally to all skills.


Message History

The acid dragon spits acid at you. The splash of acid hits you!!
You hear a shout!
You hit the acid dragon but do no damage.
You bite the acid dragon, but do no damage.
The acid dragon is lightly wounded.
The acid dragon bites you. The acid dragon barely misses you.
Found a scroll labelled DIL FYBU GUAT.
The acid dragon bites you. The acid dragon closely misses you.
The orc closely misses you.
The orc priest invokes the aid of Beogh against you.
Beogh smites you!
You closely miss the orc. You hit the orc.
The orc is poisoned.
The orc is moderately wounded.
The acid dragon bites you but does no damage.
The acid dragon misses you.
You sock the orc!
You kill the orc!
The acid dragon bites you but does no damage.
The acid dragon barely misses you. The orc hits you but does no damage.
You sock the orc!
You kill the orc!
The acid dragon closely misses you. The acid dragon barely misses you.
You hit the acid dragon.
The acid dragon is moderately wounded.
The acid dragon spits acid at you. The splash of acid hits you!
You sock the acid dragon!
The acid dragon is almost dead.
The acid dragon bites you but does no damage.
The acid dragon claws you but does no damage.
Something hits you.
You are poisoned.
You sock the orc!
You kill the orc!
You feel sick. The acid dragon spits acid at you. The splash of acid hits you!!
You die...
Your body glows slightly and disappears.

...#######<..#.###
.................#
...........####..#
....#.............
.#..#.#######.#.## #
.#....# #.#.$# .##.
.#....#######.#..# .....
.#...............#o...?.
.####...#####...@D......
................))......
##########.########....#
#.# ###.. #.# # #.. ##.
∆ .. ##


You could see an acid dragon (catching breath) and an orc priest.

Vanquished Creatures
  Pikel (D:6)
  Sigmund (D:4)
  Eustachio (D:4)
  3 yaks (D:6)
  Menkaure (D:4)
  Edmund (D:4)
  2 water moccasins (D:6)
  2 ice beasts
  2 sky beasts
  A black bear (D:8)
  4 ogres
  4 kobold brigands
  A gnoll sergeant (D:6)
  4 scorpions
  2 bullfrogs
  13 wights
  3 howler monkeys
  7 jellies
  A bombardier beetle (D:6)
  3 hounds
  A gnoll bouda (D:7)
  5 orc priests
  2 sleepcaps
  Crazy Yiuf (D:4)
  Jessica (D:2)
  3 iguanas
  7 orc wizards
  5 gnolls (D:7)
  12 adders
  A white imp (D:7)
  4 ufetubi (D:6)
  A dart slug (D:1)
  39 orcs
  3 ball pythons
  6 bats
  18 endoplasms
  3 giant cockroaches
  8 goblins
  9 hobgoblins
  3 jackals (D:1)
  3 quokkas
  6 frilled lizards
  17 kobolds
  A rat (D:3)
216 creatures vanquished.

Vanquished Creatures (collateral kills)
  3 yaks (D:6)
3 creatures vanquished.

Grand Total: 219 creatures vanquished

Notes
Turn   | Place    | Note
-------+----------+-------------------------------------------
     0 | D:1      | monsoonserge the Gnoll Reaver began the quest for the Orb.
     0 | D:1      | Reached XP level 1. HP: 20/20 MP: 6/6
   109 | D:1      | Reached XP level 2. HP: 10/26 MP: 7/7
   234 | D:1      | Found a faded altar of an unknown god.
   240 | D:1      | Prayed at the altar of an unknown god.
   240 | D:1      | Became a worshipper of Nemelex Xobeh the Trickster
   240 | D:1      | Reached * piety under Nemelex Xobeh
   240 | D:1      | Received a gift from Nemelex Xobeh
   572 | D:1      | Reached skill level 5 in Spellcasting
   572 | D:1      | Reached XP level 3. HP: 28/29 MP: 7/9
   736 | D:1      | Reached skill level 1 in Invocations
   893 | D:2      | Found a shimmering altar of Xom.
   988 | D:2      | Reached ** piety under Nemelex Xobeh
  1034 | D:2      | Reached skill level 1 in Short Blades
  1034 | D:2      | Reached skill level 1 in Long Blades
  1034 | D:2      | Reached skill level 1 in Axes
  1034 | D:2      | Reached skill level 1 in Polearms
  1034 | D:2      | Reached skill level 1 in Staves
  1034 | D:2      | Reached skill level 1 in Ranged Weapons
  1034 | D:2      | Reached skill level 1 in Throwing
  1034 | D:2      | Reached skill level 1 in Armour
  1034 | D:2      | Reached skill level 1 in Stealth
  1034 | D:2      | Reached skill level 1 in Shields
  1034 | D:2      | Reached skill level 1 in Unarmed Combat
  1034 | D:2      | Reached skill level 1 in Evocations
  1082 | D:2      | Received a gift from Nemelex Xobeh
  1093 | D:2      | Noticed Jessica
  1096 | D:2      | Killed Jessica
  1097 | D:2      | Reached skill level 1 in Shapeshifting
  1097 | D:2      | Reached XP level 4. HP: 30/36 MP: 9/11
  1224 | D:2      | Reached skill level 1 in Hexes
  1224 | D:2      | Reached skill level 1 in Summonings
  1224 | D:2      | Reached skill level 1 in Necromancy
  1224 | D:2      | Reached skill level 1 in Translocations
  1224 | D:2      | Reached skill level 1 in Fire Magic
  1224 | D:2      | Reached skill level 1 in Ice Magic
  1224 | D:2      | Reached skill level 1 in Air Magic
  1224 | D:2      | Reached skill level 1 in Earth Magic
  1224 | D:2      | Reached skill level 1 in Alchemy
  1309 | D:2      | Found a burning altar of Makhleb.
  1309 | D:2      | Found a hide-covered altar of Uskayaw.
  1309 | D:2      | Found a radiant altar of Vehumet.
  1309 | D:2      | Found an ancient bone altar of Kikubaaqudgha.
  1309 | D:2      | Found a stormy altar of Qazlal.
  1309 | D:2      | Found a sparkling altar of Nemelex Xobeh.
  1314 | D:2      | Reached XP level 5. HP: 37/40 MP: 10/12
  1862 | D:3      | Received a gift from Nemelex Xobeh
  1954 | D:2      | Reached XP level 6. HP: 16/31 MP: 13/13
  2131 | D:3      | Found a burning altar of Makhleb.
  2257 | D:3      | Reached *** piety under Nemelex Xobeh
  2342 | D:3      | Found Omuis's Weapon Shop.
  2384 | D:3      | Reached skill level 5 in Fighting
  2384 | D:3      | Reached skill level 5 in Dodging
  2821 | D:4      | Noticed Eustachio
  2828 | D:4      | Killed Eustachio
  2829 | D:4      | Reached skill level 7 in Maces & Flails
  2829 | D:4      | Reached XP level 7. HP: 33/47 MP: 13/15
  2962 | D:4      | Noticed Menkaure
  2965 | D:4      | Killed Menkaure
  3172 | D:4      | Received a gift from Nemelex Xobeh
  3285 | D:4      | Found a runed translucent door.
  3286 | D:4      | Noticed Crazy Yiuf
  3311 | D:4      | Noticed Sigmund
  3316 | D:4      | Killed Sigmund
  3429 | D:4      | Reached XP level 8. HP: 63/63 MP: 16/16
  3490 | D:4      | Noticed Edmund
  3494 | D:4      | Killed Edmund
  4138 | D:4      | Killed Crazy Yiuf
  4232 | D:5      | Entered Level 5 of the Dungeon
  4275 | D:5      | Found a sacrificial altar of Ru.
  5158 | D:6      | Received a gift from Nemelex Xobeh
  5165 | D:6      | Noticed Pikel
  5173 | D:6      | Killed Pikel
  5174 | D:6      | Reached XP level 9. HP: 29/69 MP: 16/18
  5316 | D:6      | Reached **** piety under Nemelex Xobeh
  5851 | D:6      | Learned a level 3 spell: Mephitic Cloud
  5938 | D:6      | Reached skill level 8 in Maces & Flails
  6102 | D:6      | Reached skill level 5 in Invocations
  6585 | D:6      | Reached skill level 5 in Short Blades
  6585 | D:6      | Reached skill level 5 in Long Blades
  6585 | D:6      | Reached skill level 5 in Axes
  6585 | D:6      | Reached skill level 5 in Polearms
  6585 | D:6      | Reached skill level 5 in Staves
  6585 | D:6      | Reached skill level 5 in Ranged Weapons
  6585 | D:6      | Reached skill level 5 in Throwing
  6585 | D:6      | Reached skill level 5 in Armour
  6585 | D:6      | Reached skill level 5 in Stealth
  6585 | D:6      | Reached skill level 5 in Shields
  6585 | D:6      | Reached skill level 5 in Unarmed Combat
  6585 | D:6      | Reached skill level 5 in Evocations
  6585 | D:6      | Reached XP level 10. HP: 43/77 MP: 17/20
  7268 | D:7      | Learned a level 3 spell: Fugue of the Fallen
  7275 | D:7      | Received a gift from Nemelex Xobeh
  7325 | D:7      | Found a staircase to the Ecumenical Temple.
  7337 | Temple   | Entered the Ecumenical Temple
  7495 | D:7      | HP: 2/71 [orc priest/divine providence (12)]
  7856 | D:7      | Reached skill level 5 in Shapeshifting
  8330 | D:8      | Found Umput's General Store.
  8353 | D:8      | Found a runed translucent gate.
  8354 | D:8      | Found a runed translucent gate.
  8355 | D:8      | Found a runed translucent gate.
  8356 | D:8      | Noticed SuperJoe's ghost (novice OpRe)
  8460 | D:8      | Reached ***** piety under Nemelex Xobeh
  8460 | D:8      | Received a gift from Nemelex Xobeh
  8631 | D:8      | Found a viscous altar of Jiyva.
  8720 | D:9      | Noticed an obsidian statue
  8910 | D:9      | Killed from afar by an acid dragon

Illustrated notes

Levels and vault maps discovered:
D:1:      lemuel_arrival_cross, layout_loops_ring,
          ebering_ecumenical_altar_abandoned
D:2:      cheibrodos_fertilizer, layout_basic, basic_altar, uniq_jessica
D:3:      layout_basic, lemuel_doored_altar, serial_shops, shop,
          amcnicky_mini_rare_corridor_liquid
D:4:      layout_basic, uniq_eustachio, uniq_sigmund, uniq_edmund,
          uniq_menkaure, uniq_crazy_yiuf_cottage
D:5:      layout_cave_pods, nicolae_ru_awakened_eye
D:6:      minmay_thinvault, layout_gridville, uniq_pikel
D:7:      layout_rooms, minmay_temple_entry_stoned_glass
D:8:      layout_cave_pools, gammafunk_ghost_ooze, serial_shops, shop
D:9:      layout_basic, minmay_protected_statue
Temple:   nicolae_temple_bog_church

Skill      XL: |  1  2  3  4  5  6  7  8  9 10 |
---------------+-------------------------------+-----
Spellcasting   | 5 6 7 |  7.7
Invocations    | 1 2 3 4 5 6 |  6.3
Short Blades   | 1 2 3 4 5 |  5.7
Long Blades    | 1 2 3 4 5 |  5.7
Axes           | 1 2 3 4 5 |  5.7
Polearms       | 1 2 3 4 5 |  5.7
Staves         | 1 2 3 4 5 |  5.7
Ranged Weapons | 1 2 3 4 5 |  5.7
Throwing       | 1 2 3 4 5 |  5.7
Armour         | 1 2 3 4 5 |  5.7
Stealth        | 1 2 3 4 5 |  5.7
Shields        | 1 2 3 4 5 |  5.7
Unarmed Combat | 1 2 3 4 5 |  5.7
Evocations     | 1 2 3 4 5 |  5.7
Shapeshifting  | 1 2 3 4 5 |  5.2
Hexes          | 1 2 3 4 |  4.7
Summonings     | 1 2 3 4 |  4.7
Necromancy     | 1 2 3 4 |  4.7
Translocations | 1 2 3 4 |  4.7
Fire Magic     | 1 2 3 4 |  4.7
Ice Magic      | 1 2 3 4 |  4.7
Air Magic      | 1 2 3 4 |  4.7
Earth Magic    | 1 2 3 4 |  4.7
Alchemy        | 1 2 3 4 |  4.7
Fighting       | 5 6 7 |  7.4
Dodging        | 5 6 7 |  7.4
Maces & Flails | 7 8 |  8.8
Conjurations   | 6 7 |  7.3

Action                     |  1- 3 |  4- 6 |  7- 9 | 10-12 || total
---------------------------+-------+-------+-------+-------++-------
  Melee: Mace              |    93 |   119 |       |       ||   212
         Bite              |     9 |     5 |    20 |    18 ||    52
         Punch             |     3 |     2 |     4 |     3 ||    12
         Flail             |       |    15 |   161 |   170 ||   346
  Throw: Dart              |       |       |     1 |       ||     1
   Cast: Kiss of Death     |     2 |     6 |     9 |     1 ||    18
         Mephitic Cloud    |       |       |     1 |     2 ||     3
         Fugue of the Fall |       |       |       |     3 ||     3
 Invoke: Draw Destruction  |       |     1 |    11 |       ||    12
         Draw Summoning    |       |       |     1 |       ||     1
    Use: Potion            |       |       |       |     4 ||     4
   Stab: Sleeping          |       |       |     6 |     1 ||     7
         Confused          |       |       |       |     1 ||     1
 Armour: Leather armour    |    33 |       |       |       ||    33
         Ring mail         |    29 |    80 |   124 |   129 ||   362
  Dodge: Dodged            |    63 |    82 |    88 |   113 ||   346
